 Dungeon Crawl Stone Soup version 0.31-a0-174-g85c54bcb58 (webtiles) character file.

Game seed: 601358651214260347

122 qw the Shooter (level 5, -1/32 HPs)
             Began as a Gargoyle Hunter on June 15, 2023.
             Slain by Edmund
             ... wielding a +2 flail of protection
              (4 damage)
             ... on level 4 of the Dungeon.
             The game lasted 00:00:47 (2507 turns).

qw the Shooter (Gargoyle Hunter)                    Turns: 2507, Time: 00:00:47

Health: -1/32      AC:  8    Str: 15    XL:     5   Next: 6%
Magic:  5/5        EV: 11    Int:  9    God:
Gold:   111        SH:  0    Dex: 15    Spells: 4/4 levels left

rFire   . . .        Y - +1 shortbow (drain)
rCold   . . .        (shield currently unavailable)
rNeg    + . .        c - +0 leather armour
rPois   inf          (no helmet)
rElec   +            e - +0 cloak
rCorr   .            (no gloves)
SInv    .            (no boots)
Will    .....        (no amulet)
Stlth   ++           (no ring)
HPRegen 0.25/turn    (no ring)
MPRegen 0.09/turn

%: no passive effects
@: no status effects
A: sickness immunity, AC +4, negative energy resistance 1, electricity
resistance, torment resistance 1, petrification resistance
a: no special abilities


You were on level 4 of the Dungeon.
You visited 1 branch of the dungeon, and saw 4 of its levels.

You collected 111 gold pieces.


Innate Abilities, Weirdness & Mutations

You are immune to sickness and miasma.
Your stone body is resilient. (AC +4)
You are immune to poison.
You resist negative energy. (rN+)
You are resistant to electric shocks. (rElec)
You are resistant to unholy torment.
You are immune to petrification.


   Skills:
 - Level 3.2 Fighting
 + Level 5.7 Ranged Weapons
 - Level 1.5 Dodging
 - Level 1.1 Stealth


You had 4 spell levels left.
You didn't know any spells.
Your spell library was empty.

Inventory:

Hand Weapons
 Y - a +1 shortbow of draining (weapon)
Armour
 c - a +0 leather armour (worn)
 e - a +0 cloak (worn)
Scrolls
 d - a scroll of identify
Potions
 a - a potion of curing
 b - a potion of lignification
 g - a potion of resistance {unknown}

Dungeon Overview and Level Annotations

Branches:
Dungeon (4/15)
 Temple: D:4-7

Altars:
Trog

Annotations:
D:4 Edmund


Message History

You kill Ijyb!
The goblin barely misses you. The adder bites you but does no damage.
You shoot an arrow. The arrow closely misses the adder.
The arrow barely misses Edmund.
The adder closely misses you. The goblin barely misses you.
You shoot an arrow. The arrow hits the adder.
You drain the adder.
The adder is severely wounded.
The adder bites you. The goblin hits you with a +0 club.
The adder bites you but does no damage.
You shoot an arrow.
The arrow hits the adder but does no damage.
The adder is severely wounded.
The adder barely misses you. The goblin barely misses you.
You shoot an arrow. The arrow hits the adder.
The adder is almost dead.
The adder closely misses you. The goblin hits you but does no damage.
The adder closely misses you.
You shoot an arrow. The arrow completely misses the adder.
The arrow hits Edmund but does no damage.
You drain Edmund.
Edmund is heavily wounded.
The goblin misses you. The adder closely misses you.
The goblin barely misses you.
You shoot an arrow. The arrow closely misses the adder.
The arrow hits Edmund but does no damage.
Edmund is heavily wounded.
The adder bites you but does no damage. The adder bites you.
The goblin hits you with a +0 club.
You shoot an arrow. The arrow misses the adder.
The arrow hits Edmund.
Edmund is severely wounded.
The adder bites you but does no damage. The goblin hits you but does no damage.
You shoot an arrow. The arrow hits the adder.
You kill the adder!
The goblin hits you with a +0 club.
You have reached level 5!
You shoot an arrow.
The arrow hits Edmund but does no damage.
Edmund is severely wounded.
Edmund hits you with a +2 flail of protection.
You die...

#### ###
##..###.###
#..<......#
#......#..#
##...##...#
#####....#
#.#.@#
#...g@#
#...>...
#........
#..##......
#.#
#####... ..
...# ..##


You could see Edmund (very drained) and a goblin.

Vanquished Creatures
  Ijyb (D:4)
  2 adders
  A worm (D:3)
  6 dart slugs
  5 orcs (D:3)
  5 ball pythons
  2 bats
  4 endoplasms
  2 giant cockroaches
  4 goblins
  4 hobgoblins
  6 jackals
  2 quokkas
  2 frilled lizards (D:3)
  10 rats
56 creatures vanquished.

Notes
Turn   | Place    | Note
-------+----------+-------------------------------------------
     0 | D:1      | qw the Gargoyle Hunter began the quest for the Orb.
     0 | D:1      | Reached XP level 1. HP: 12/12 MP: 1/1
     0 | D:1      | 0 ||| qw: Version: 0.2-a-29-g511e9b1
     0 | D:1      | 0 ||| qw: Game counter: 5517
     0 | D:1      | 0 ||| qw: Always use a shield: true
     0 | D:1      | 0 ||| qw: God list: Okawaru
     0 | D:1      | 0 ||| qw: Allow faded altars: false
     0 | D:1      | 0 ||| qw: Do Orc after D:15 true
     0 | D:1      | 0 ||| qw: Do second Lair branch before Depths: true
     0 | D:1      | 0 ||| qw: Lair rune preference: random
     0 | D:1      | 0 ||| qw: Plans: Normal, Zot:1-4, Slime:5, God:TSO, Crypt,
                  | Tomb, Abyss, Pan, Hells, Win
     0 | D:1      | 0 ||| PLANNING D:1-11
   207 | D:1      | Reached XP level 2. HP: 17/17 MP: 2/2
   490 | D:1      | Reached XP level 3. HP: 19/21 MP: 3/3
   688 | D:1      | 688 ||| READING scroll labelled PATTOB RUXA.
   689 | D:1      | 689 ||| READING scroll labelled QILE TAYWN.
   690 | D:1      | 690 ||| DRINKING 2 lumpy blue potions.
   795 | D:1      | 795 ||| DROPPING scroll of butterflies.
   796 | D:1      | 796 ||| DROPPING potion of berserk rage.
   873 | D:2      | Reached skill level 5 in Ranged Weapons
  1602 | D:2      | 1602 ||| DROPPING amulet of magic regeneration.
  1603 | D:2      | 1603 ||| READING scroll labelled SAICAOTERAO.
  1604 | D:2      | 1604 ||| READING 2 scrolls of identify.
  1604 | D:2      | 1604 ||| IDENTIFYING viscous grey potion
  1692 | D:3      | Found a bloodstained altar of Trog.
  1793 | D:3      | Reached skill level 3 in Fighting
  1793 | D:3      | Reached XP level 4. HP: 28/28 MP: 4/4
  2450 | D:3      | 2450 ||| UPGRADING to +0 cloak.
  2456 | D:3      | 2456 ||| READING scroll labelled SUREAPH YVVUU.
  2457 | D:3      | 2457 ||| READING 2 scrolls of identify.
  2457 | D:3      | 2457 ||| IDENTIFYING yellow potion
  2486 | D:4      | Noticed Edmund
  2489 | D:4      | Noticed Ijyb
  2498 | D:4      | Killed Ijyb
  2500 | D:4      | HP: 7/28 [goblin/+0 club (3)]
  2506 | D:4      | HP: 3/28 [goblin/+0 club (2)]
  2507 | D:4      | Reached XP level 5. HP: 3/32 MP: 5/5
  2507 | D:4      | Slain by Edmund

Levels and vault maps discovered:
D:1:      heliophobic_arrival_battle_scene, layout_loops_ring
D:2:      layout_basic
D:3:      layout_basic, lemuel_round_altar, corexii_item_surrounded_by_moat
D:4:      lemuel_castle_with_subvaults [lemuel_castle_interior_carwin_2],
          layout_layer_cave, mainiacjoe_overflow_paths, uniq_ijyb, uniq_edmund

Skill      XL: |  1  2  3 |
---------------+----------+-----
Ranged Weapons | 5 |  5.7
Fighting       | 3 |  3.2
Dodging        | |  1.5
Stealth        | |  1.1

Action                     |  1- 3 |  4- 6 || total
---------------------------+-------+-------++-------
   Fire: Shortbow          |   110 |    67 ||   177
    Use: Scroll            |     4 |     2 ||     6
         Potion            |     1 |       ||     1
 Armour: Leather armour    |    27 |    14 ||    41
  Dodge: Dodged            |    40 |    21 ||    61

Table legend:
 A = Non-vault XP
 B = Vault XP
 C = Vault XP percentage of total XP
 D = Non-vault monster count
 E = Vault monster count
 F = Vault count percentage of total count
                 A         B        C        D         E       F
            +---------+---------+-------+---------+---------+-------
      Total |     139 |      36 |  20.6 |      55 |       1 |   1.8
            +---------+---------+-------+---------+---------+-------
        D:1 |      35 |       0 |   0.0 |      17 |       0 |   0.0
        D:2 |      23 |       0 |   0.0 |      13 |       0 |   0.0
        D:3 |      68 |       0 |   0.0 |      24 |       0 |   0.0
        D:4 |      13 |      36 |  73.5 |       1 |       1 |  50.0
            +---------+---------+-------+---------+---------+-------
